 Dungeon Crawl Stone Soup version 0.31-a0-233-g139696dc86 (webtiles) character file.

Game seed: 15143673906551707583

55 qw the Shooter (level 3, -4/29 HPs)
             Began as a Minotaur Hexslinger on July 7, 2023.
             Slain by Terence
             ... wielding a +0 trident
              (6 damage)
             ... on level 2 of the Dungeon.
             The game lasted 00:00:25 (833 turns).

qw the Shooter (Minotaur Hexslinger)                 Turns: 833, Time: 00:00:25

Health: -4/29      AC:  3    Str: 12    XL:     3   Next: 67%
Magic:  3/3        EV: 12    Int: 10    God:
Gold:   67         SH:  0    Dex: 14    Spells: 3/4 levels left

rFire   . . .        Y - +2 sling
rCold   . . .        (no shield)
rNeg    . . .        e - +0 leather armour
rPois   .            (helmet restricted)
rElec   .            (no cloak)
rCorr   .            (no gloves)
SInv    .            (no boots)
Will    .....        (no amulet)
Stlth   +            (no ring)
HPRegen 0.24/turn    (no ring)
MPRegen 0.08/turn

%: no passive effects
@: no status effects
A: horns 2, retaliatory headbutt
a: no special abilities


You were on level 2 of the Dungeon.
You visited 1 branch of the dungeon, and saw 2 of its levels.

You collected 67 gold pieces.


Innate Abilities, Weirdness & Mutations

You have a pair of horns on your head.
You reflexively headbutt those who attack you in melee.


   Skills:
 - Level 2.1 Fighting
 + Level 4.2 Ranged Weapons
 - Level 2.1 Dodging
 - Level 1.0 Spellcasting
 - Level 2.0 Hexes


You had 3 spell levels left.
You knew the following spells:

 Your Spells              Type           Power      Damage    Failure   Level
a - Slow                  Hex            16%        N/A       19%         1

Your spell library contained the following spells:

 Spells                   Type           Power      Damage    Failure   Level
 Inner Flame              Hex/Fire       2%         N/A       65%         3
 Portal Projectile        Hex/Tloc       4%         N/A       65%         3
 Cause Fear               Hex            2%         N/A       88%         4

Inventory:

Hand Weapons
 Y - a +2 sling (weapon)
Armour
 a - a +2 hat
 e - a +0 leather armour (worn)
 f - a +0 pair of boots
Jewellery
 b - a ring of fire
Scrolls
 c - a scroll of torment {unknown}
 g - 2 scrolls of identify
Potions
 d - a potion of heal wounds {unknown}
 i - a potion of curing {unknown}

Dungeon Overview and Level Annotations

Branches:
Dungeon (2/15)

Altars:

Annotations:
D:2 Terence


Message History

The adder poisons you!
You shoot a sling bullet.
The sling bullet closely misses the adder.
You feel sick. The adder barely misses you. The adder bites you.
You shoot a sling bullet. The sling bullet hits the adder.
You kill the adder!
You feel sick.
You start resting.
You feel sick. x4
You are no longer poisoned.
HP restored.
Found a hand axe.
Enter note:
Enter note: Terence the Incautious comes into view.
He is wielding a +0 trident.
Found an amethyst potion.
Terence closely misses you.
Enter note:
Enter note: You shoot a sling bullet.
The sling bullet hits Terence.
Terence is lightly wounded.
Terence closely misses you.
Terence hits you from afar with a +0 trident.
You shoot a sling bullet.
The sling bullet closely misses Terence.
Terence hits you from afar with a +0 trident!
You shoot a sling bullet.
The sling bullet hits Terence but does no damage.
Terence is lightly wounded.
Terence hits you but does no damage.
You shoot a sling bullet.
The sling bullet closely misses Terence.
Terence hits you from afar with a +0 trident!
Enter note:
Enter note:
832 ||| UPGRADING to +2 hat.
Terence hits you from afar with a +0 trident!
Keep equipping yourself?
You start putting on your armour.
You continue putting on your +2 hat.
Terence hits you from afar with a +0 trident.
You die...

#.....#...# .#
#.....##### ##
#.......# #!
+....##.#
#.##....##.#
#..#....##.#
#.@#.#####.#
#.#.......## #
#.@........# #
##########.#### #
#........#.#..# #
#)#.##.....#<.# #
#.#......####.#####
#........#....#...'
#####.........#.###
#.........#.#..
#.....>...'.#.#


You could see Terence.

Vanquished Creatures
  An adder (D:2)
  9 ball pythons
  3 endoplasms (D:1)
  4 giant cockroaches
  3 goblins
  3 hobgoblins
  4 kobolds (D:1)
  4 quokkas (D:1)
  4 bats
  2 frilled lizards
  6 rats
43 creatures vanquished.

Notes
Turn   | Place    | Note
-------+----------+-------------------------------------------
     0 | D:1      | qw the Minotaur Hexslinger began the quest for the Orb.
     0 | D:1      | Reached XP level 1. HP: 16/16 MP: 1/1
     0 | D:1      | 0 ||| qw: Version: 0.3-a-46-gb1f654a
     0 | D:1      | 0 ||| qw: Game counter: 3055
     0 | D:1      | 0 ||| qw: Melee chars always use a shield: true
     0 | D:1      | 0 ||| qw: God list: Okawaru
     0 | D:1      | 0 ||| qw: Allow faded altars: false
     0 | D:1      | 0 ||| qw: Do Orc after clearing Dungeon:15 true
     0 | D:1      | 0 ||| qw: Do second Lair branch before Depths: true
     0 | D:1      | 0 ||| qw: Lair rune preference: random
     0 | D:1      | 0 ||| qw: Goals: Normal
     0 | D:1      | 0 ||| PLANNING D:1-11
    76 | D:1      | Reached skill level 3 in Ranged Weapons
   100 | D:1      | Reached XP level 2. HP: 23/23 MP: 2/2
   229 | D:1      | Reached XP level 3. HP: 29/29 MP: 3/3
   576 | D:1      | Found a faded altar of an unknown god.
   605 | D:1      | 605 ||| UPGRADING to +0 leather armour.
   615 | D:1      | 615 ||| DROPPING +0 robe.
   616 | D:1      | 616 ||| READING scroll labelled NIONYWU GOKIWNOCS.
   617 | D:1      | 617 ||| READING 2 scrolls labelled LIALIO IKICLI.
   618 | D:1      | 618 ||| READING scroll labelled NAOFOE DUHEJ.
   619 | D:1      | 619 ||| DROPPING scroll of poison.
   738 | D:2      | Reached skill level 4 in Ranged Weapons
   827 | D:2      | Noticed Terence
   832 | D:2      | 832 ||| UPGRADING to +2 hat.
   832 | D:2      | HP: 2/29 [Terence/+0 trident (8)]
   833 | D:2      | Slain by Terence

Levels and vault maps discovered:
D:1:      heliophobic_arrival_glass_houses, layout_basic,
          basic_ecumenical_altar, minmay_tetromino_l4
D:2:      cheibrodos_old_hovel, layout_basic, basic_altar, uniq_terence

Skill      XL: |  1  2  3 |
---------------+----------+-----
Ranged Weapons | 3 4 |  4.2
Fighting       | 2 |  2.1
Dodging        | |  2.1
Spellcasting   | |  1.0
Hexes          | |  2.0

Action                     || total
---------------------------++-------
   Fire: Sling             ||   103
    Use: Scroll            ||     3
 Armour: Robe              ||     6
         Leather armour    ||     1
  Dodge: Dodged            ||    25

Table legend:
 A = Non-vault XP
 B = Vault XP
 C = Vault XP percentage of total XP
 D = Non-vault monster count
 E = Vault monster count
 F = Vault count percentage of total count
                 A         B        C        D         E       F
            +---------+---------+-------+---------+---------+-------
      Total |      69 |      10 |  12.7 |      37 |       6 |  14.0
            +---------+---------+-------+---------+---------+-------
        D:1 |      45 |      10 |  18.2 |      29 |       6 |  17.1
        D:2 |      24 |       0 |   0.0 |       8 |       0 |   0.0
            +---------+---------+-------+---------+---------+-------
